 Dungeon Crawl Stone Soup version 0.31-a0-1074-g0b22e4e0f1 (webtiles) character file.

Game seed: 1623574799729113837

40 croobank the Changeling (level 3, -2/23 (24) HPs)
             Began as an Octopode Shapeshifter on Dec 8, 2023.
             Slain by an adder (4 damage)
             ... on level 2 of the Dungeon.
             The game lasted 00:02:24 (1133 turns).

croobank the Changeling (Octopode Shapeshifter)     Turns: 1133, Time: 00:02:25

HP:   -2/23 (24)    AC:  1    Str: 13    XL:     3   Next: 50%
MP:   3/3           EV: 14    Int: 14    God:
Gold: 71            SH:  0    Dex: 17    Spells: 2/2 levels left

rFire   + .          .
                       - Unarmed
rCold   . . .        (no shield)
rNeg    . . .        o - melded +2 hat
rPois   .            (no amulet)
rElec   .            i - +6 ring of dexterity
rCorr   .            l - ring of protection from fire
SInv    .            (no ring)
Will    .....        (no ring)
Stlth   +++          (no ring)
HPRegen 0.23/turn    (no ring)
MPRegen 0.08/turn    (no ring)
                     (no ring)

%: no passive effects
@: brilliant, beast-form, lightly drained
A: beast (slay +1), almost no armour, amphibious, 8 rings, camouflage 1,
gelatinous body 1, (nimble swimmer 1), tentacles
a: Begin Untransformation


You were on level 2 of the Dungeon.
You were a hulking beast.
You visited 1 branch of the dungeon, and saw 2 of its levels.

You collected 71 gold pieces.

Inventory:

Hand Weapons
 h - a +1 whip of electrocution
 p - a +1 war axe of draining
Missiles
 e - 3 silver javelins (quivered)
Armour
 o - a +2 hat (melded)
Jewellery
 i - a +6 ring of dexterity (left tentacle)
 l - a ring of protection from fire (right tentacle)
Talismans
 b - a beast talisman (active)
 c - a flux talisman
Scrolls
 d - a scroll of silence {unknown}
 j - a scroll of amnesia {unknown}
 k - a scroll of fear {unknown}
Potions
 a - a potion of lignification
 g - a potion of magic {unknown}
 m - a potion of mutation {unknown}
 n - a potion of haste {unknown}


   Skills:
 + Level 1.7 Fighting
 + Level 2.4 Dodging
 + Level 3.3 Unarmed Combat
 * Level 3.4 Shapeshifting


You had 2 spell levels left.
You didn't know any spells.
Your spell library was empty.

Dungeon Overview and Level Annotations

Branches:
Dungeon (2/15)

Altars:

Annotations:
D:2 Sigmund


Innate Abilities, Weirdness & Mutations

You are a hulking beast.
Your limbs bulge with bestial killing power. (Slay +1)
You cannot wear most types of armour.
You are amphibious.
You can wear up to eight rings at the same time.
Your skin changes colour to match your surroundings (Stealth+).
Your rubbery body absorbs attacks. (AC +1, EV +1)
((You are camouflaged when in or above water. (Stealth+)))
You have tentacles for arms and can constrict up to eight enemies at once.


Message History

HP restored.
You now have 71 gold pieces (gained 14).
There is a stone staircase leading down here.
You see here a jackal skeleton.
There is a stone staircase leading up here.
Sigmund the Dreaded comes into view.
He is wielding a +0 scythe.
Sigmund is nearby!
Sigmund shouts!
You hear an angry hiss.
An adder comes into view.
Sigmund hits you from afar with a +0 scythe!
Sigmund hits you with a +0 scythe!
You closely miss Sigmund. You grab Sigmund.
You constrict Sigmund, but do no damage.
A goblin comes into view. It is wielding a +0 dagger.
Okay, then.
Throw: 5 javelins (silver)
Press: ? - help, Q - select action Shift-Dir - straight line, f - adder
Aim: an adder (40% to hit)
You throw a silver javelin. The goblin shouts!
The silver javelin pierces through Sigmund but does no damage.
Sigmund is lightly wounded.
The silver javelin pierces through the adder but does no damage.
The adder is lightly wounded.
You constrict Sigmund.
Sigmund mumbles some strange words.
Sigmund flickers and vanishes!
Deactivating autopickup; reactivate with Ctrl-A.
Throw: 4 javelins (silver)
Press: ? - help, Q - select action Shift-Dir - straight line, p - adder You throw a silver javelin.
You constrict something. The adder closely misses you. Something hits you.
* * * LOW HITPOINT WARNING * * *
The adder bites you.
* * * LOW HITPOINT WARNING * * *
Okay, then.
It was a potion of brilliance.
You feel clever all of a sudden.
You constrict something. The adder bites you.
You die...

#.# #........# #.#
#......... #.#
#........# # #####.#
#........# #. ...#.#
#........#
####.####.#.###........#
........................
......S.#.#.###........#
##.#({h..#.# #.........
#.###.#.# #........# ...
#.#.###........# #.#
..#...#........# ...
###...#........# .##
#......#######
#...##.#######
#...##†#......
########.#.#####


You could see an adder.

Vanquished Creatures
  A dart slug (D:2)
  2 endoplasms (D:1)
  3 goblins
  2 hobgoblins (D:1)
  7 jackals
  A quokka (D:1)
  4 ball pythons (D:1)
  6 bats (D:1)
  A frilled lizard (D:2)
  2 kobolds (D:1)
  8 rats
37 creatures vanquished.

Notes
Turn   | Place    | Note
-------+----------+-------------------------------------------
     0 | D:1      | croobank the Octopode Shapeshifter began the quest for the
                  | Orb.
     0 | D:1      | Reached XP level 1. HP: 13/13 MP: 1/1
   116 | D:1      | Reached XP level 2. HP: 12/18 MP: 2/2
   468 | D:1      | Reached XP level 3. HP: 17/23 MP: 3/3
  1125 | D:2      | Noticed Sigmund
  1133 | D:2      | Slain by an adder

Illustrated notes

Levels and vault maps discovered:
D:1:      orjb1_lava_funnel, layout_loops_cross, st_stairs_8,
          corexii_hall_statues_i
D:2:      layout_basic, uniq_sigmund, uniq_terence

Action                     || total
---------------------------++-------
  Melee: Unarmed           ||    65
         Constrict         ||    16
         Tentacles         ||    12
  Throw: Javelin           ||     2
    Use: Potion            ||     1
   Stab: Sleeping          ||     3
 Armour: Skin              ||    36
  Dodge: Dodged            ||    51
   Form: Beast             ||     2
                           ||     1

Table legend: (Time is in decaauts)
 A = Elapsed time spent in this place.
 B = Non-inter-level travel time spent in this place.
 C = Inter-level travel time spent in this place.
 D = Time resting spent in this place.
 E = Time spent auto-exploring this place.
 F = Levels seen in this place.
 G = Mean time per level.
                   A        B        C        D        E       F      G
               +--------+--------+--------+--------+--------+-----+--------+
         Total |   1129 |   1095 |     34 |     75 |    782 |   2 |  564.5 |
       Dungeon |   1129 |   1095 |     34 |     75 |    782 |   2 |  564.5 |
               +--------+--------+--------+--------+--------+-----+--------+

Top non-repeatable levels by time:
     D:1: 682 daAuts
     D:2: 447 daAuts
